 Dungeon Crawl Stone Soup version 0.22-a0-392-g5dc3fd9 (webtiles) character file.

31970 Kairos the Whirler (level 13, -13/128 HPs)
             Began as a Deep Dwarf Fighter on May 2, 2018.
             Was the Champion of Makhleb.
             Killed from afar by a storm dragon (37 damage)
             ... with a bolt of lightning
             ... on level 5 of the Lair of Beasts.
             The game lasted 00:48:55 (15932 turns).

Kairos the Whirler (Deep Dwarf Fighter)            Turns: 15932, Time: 00:48:56

Health: -13/128    AC: 28    Str: 30    XL:     13   Next: 28%
Magic:  13/13      EV: 12    Int: 12    God:    Makhleb [******]
Gold:   302        SH: 12    Dex: 15    Spells: 12/12 levels left

rFire    + . .     SeeInvis .   C - +1 flail (protect)
rCold    . . .     Gourm    .   c - +0 shield
rNeg     . . .     Faith    .   y - +4 ring mail of Jiamisk {*Contam rF+ Slay+6}
rPois    +         Spirit   .   n - +2 helmet {Int+3}
rElec    .         Reflect  .   I - +1 cloak "Faomam" {rPois}
rCorr    +         Harm     .   x - +2 pair of gloves of the Great Game {rCorr Str+3}
MR       +....                  v - +0 pair of boots
Stlth    +++.......             (no amulet)
HPRegen  0.00/turn              L - ring of stealth
MPRegen  0.13/turn              Z - +5 ring of strength

@: protection aura, non-regenerating
A: damage resistance, heal wounds, sense surroundings 2, no regeneration
a: Heal Wounds, Minor Destruction, Lesser Servant of Makhleb, Major Destruction,
Greater Servant of Makhleb, Renounce Religion


You were on level 5 of the Lair of Beasts.
You worshipped Makhleb.
Makhleb was exalted by your worship.
You were not hungry.

You visited 3 branches of the dungeon, and saw 18 of its levels.

You collected 886 gold pieces.
You spent 584 gold pieces at shops.

Inventory:

Hand Weapons
 i - a +9 hunting sling of velocity
 C - a +1 flail of protection (weapon)
 O - a +1 whip of freezing
 Q - a +0 hand axe of chaos
Missiles
 k - 294 stones (quivered)
 m - 6 javelins of penetration
 t - 4 throwing nets
 B - 7 steel tomahawks
 S - 82 sling bullets
Armour
 c - a +0 shield (worn)
 n - a +2 helmet of intelligence (worn)
 v - a +0 pair of boots (worn)
 x - the +2 pair of gloves of the Great Game (worn) {rCorr Str+3}
   (You bought it in a shop on level 4 of the Dungeon)

   It affects your strength (+3).
   It protects you from acid and corrosion.
 y - the +4 ring mail of Jiamisk (worn) {*Contam rF+ Slay+6}
   (You found it on level 2 of the Lair of Beasts)

   It affects your accuracy and damage with ranged weapons and melee attacks
   (+6).
   It protects you from fire.
   It causes magical contamination when unequipped.
 I - the +1 cloak "Faomam" (worn) {rPois}
   (You bought it in a shop on level 4 of the Dungeon)

   It protects you from poison.
Jewellery
 l - an uncursed ring of protection from cold
 L - a ring of stealth (left hand)
 Y - an uncursed ring of see invisible
 Z - a +5 ring of strength (right hand)
Wands
 b - a wand of clouds (5)
 E - a wand of disintegration (26)
 P - a wand of acid (12)
 V - a wand of paralysis (14)
Scrolls
 h - a scroll of enchant weapon
 o - 7 scrolls of fear
 p - 4 scrolls of immolation
 r - 4 scrolls of enchant armour
 u - 3 scrolls of blinking
 D - a scroll of fog
 G - 15 scrolls of remove curse {unknown}
 H - 3 scrolls of teleportation {unknown}
 M - 4 scrolls of amnesia {unknown}
 N - a scroll of brand weapon
 R - a scroll of magic mapping {unknown}
 U - 2 scrolls of random uselessness
 W - a scroll of summoning {unknown}
 X - a scroll of acquirement {unknown}
Potions
 a - a potion of ambrosia
 d - 2 potions of might
 e - 5 potions of curing
 g - a potion of haste
 s - 5 potions of brilliance {unknown}
 w - 2 potions of cancellation
 z - a potion of agility {unknown}
 A - 6 potions of degeneration {unknown}
 F - 3 potions of heal wounds
 J - 2 potions of flight {unknown}
 K - 2 potions of invisibility {unknown}
 T - 4 potions of lignification {unknown}
Miscellaneous
 q - a fan of gales
Comestibles
 f - 24 rations


   Skills:
 + Level 11.8 Fighting
 + Level 3.0(3.5) Axes
 + Level 2.3(3.0) Maces & Flails
 + Level 15.6 Slings
 + Level 9.2 Armour
 + Level 4.1 Dodging
 + Level 4.9 Stealth
 + Level 7.6 Shields
 + Level 1.2 Evocations


You had 12 spell levels left.
You didn't know any spells.

Dungeon Overview and Level Annotations

Branches:
Dungeon (11/15)            Temple (1/1) D:4            Lair (6/6) D:11
  Swamp (0/4) Lair:4        Snake (0/4) Lair:4          Orc (0/2) D:11
  Slime: Lair:5-6

Altars:
Ashenzari
Cheibriados
Dithmenos
Elyvilon
Fedhas
Gozag
Hepliaklqana
Kikubaaqudgha
Makhleb
Nemelex Xobeh
Okawaru
Qazlal
Ru
Sif Muna
Trog
Uskayaw
Vehumet
Wu Jian
Xom
Yredelemnul
Zin
The Shining One

Shops:
D:4 [!:   D:5 ?   D:11 %

Annotations:
D:4 exclusion: upstairs


Innate Abilities, Weirdness & Mutations

You are resistant to damage.
You can heal yourself by infusing magical energy.
You passively map the area around you.
You do not regenerate.


Message History

The yak barely misses you. The yak gores you but does no damage.
You turn to flesh and can move again.
Wield which item (- for none, * to show all)? (? for menu, Esc to quit)
Your +1 flail of protection hums with potential!
C - a +1 flail of protection (weapon)
The storm dragon bites you but does no damage.
The storm dragon claws you.
* * * LOW HITPOINT WARNING * * *
You block the storm dragon's attack. The yak barely misses you.
The yak gores you but does no damage.
You hit the storm dragon but do no damage.
Your weapon exudes an aura of protection.
The storm dragon bites you but does no damage.
The storm dragon claws you but does no damage.
You block the storm dragon's attack. You block the yak's attack. x2
You hit the storm dragon.
The storm dragon is lightly wounded.
The storm dragon breathes lightning at you.
The bolt of lightning hits you!
You die...

................................#
....................P.....##...##
...........#...P....##P.#.#.P....
..#...........###....#..........#
..#.#...##....#.#............#.##
..##....###....#.....#......##.#
....#.........#.............##.#
..#.#...........YD..........#..##
.P##....###P.##.@YY.............#
.###......#######Y<..P......#....
..##........#P.##...#..P#..###.##
............P..........P#......##
................................#
...............................P#
...............................##
..........)....................#
.....................#....#....#


You could see a storm dragon and 4 yaks.

Vanquished Creatures
  Kirke (Lair:4)
  A dire elephant (Lair:4)
  Josephine (Lair:4)
  Fannar (D:11)
  A hydra (D:11)
  The ghost of Kairos the Cleaver, a novice DDFi of Makhleb (Lair:1)
  A two-headed ogre (D:9)
  4 death yaks
  An unseen horror (D:7)
  Pikel (D:7)
  An ice statue (Lair:5)
  4 black mambas
  A torpor snail (Lair:4)
  The ghost of torrenera the Grave Robber, a novice DDNe (D:7)
  6 spiny frogs
  2 komodo dragons
  An ice devil (Lair:5)
  A troll (D:10)
  2 polar bears
  A tyrant leech (Lair:4)
  A dream sheep (Lair:4)
  10 blink frogs (Lair:4)
  7 hippogriffs
  A shadow (D:11)
  4 wraiths (Lair:4)
  2 water elementals (D:11)
  19 yaks
  A basilisk (Lair:5)
  6 hogs (Lair:4)
  Edmund (D:4)
  2 swamp worms (Lair:4)
  8 porcupines
  12 water moccasins
  A slave (D:7)
  2 black bears
  3 phantoms
  2 sky beasts
  5 orc warriors
  12 ice beasts
  7 ogres
  A wolf (Lair:4)
  4 centaurs
  4 crocodiles
  2 big kobolds
  10 bullfrogs
  3 scorpions
  6 killer bees (D:7)
  8 wights
  3 howler monkeys
  5 electric eels (D:11)
  A centaur zombie (D:5)
  5 crimson imps
  2 bullfrog zombies
  8 hounds
  9 orc priests
  3 jellies
  Crazy Yiuf (D:4)
  A gnoll shaman (D:10)
  9 orc wizards
  A centaur skeleton (D:9)
  5 iguanas
  4 worker ants
  2 worker ant zombies
  9 gnolls
  A howler monkey skeleton (D:7)
  12 adders
  2 shadow imps
  2 white imps (Lair:5)
  An ooze (D:5)
  An adder zombie (D:9)
  9 worms
  4 dart slugs (D:1)
  5 leopard geckos
  74 orcs
  A ball python (D:1)
  7 bats
  9 giant cockroaches
  6 goblins
  9 hobgoblins
  11 jackals
  3 quokkas
  3 frilled lizards
  20 kobolds
  A quokka zombie (D:8)
  6 rats
432 creatures vanquished.

Vanquished Creatures (others)
  A fungus (Lair:4)
  A plant (Lair:4)
2 creatures vanquished.

Grand Total: 434 creatures vanquished

Notes
Turn   | Place    | Note
-------+----------+-------------------------------------------
     0 | D:1      | Kairos the Deep Dwarf Fighter began the quest for the Orb.
     0 | D:1      | Reached XP level 1. HP: 20/20 MP: 1/1
    21 | D:1      | Reached XP level 2. HP: 24/27 MP: 2/2
   343 | D:1      | Reached XP level 3. HP: 17/34 MP: 3/3
   959 | D:2      | Found a shimmering altar of Xom.
  1097 | D:2      | Found a white marble altar of Elyvilon.
  1158 | D:2      | Reached XP level 4. HP: 11/42 MP: 4/4
  1404 | D:2      | Reached skill level 1 in Slings
  1964 | D:4      | Found Xiqum's Antique Armour Shoppe.
  1964 | D:4      | Noticed an ogre
  2023 | D:4      | Found Sir Bol's Distillery.
  2045 | D:4      | Found a staircase to the Ecumenical Temple.
  2051 | Temple   | Entered the Ecumenical Temple
  2305 | Temple   | Became a worshipper of Makhleb the Destroyer
  2335 | D:4      | Noticed Edmund
  2372 | D:4      | Killed Edmund
  2372 | D:4      | Reached skill level 3 in Slings
  2372 | D:4      | Reached XP level 5. HP: 16/49 MP: 5/5
  2424 | D:4      | Reached XP level 6. HP: 19/56 MP: 6/6
  2462 | D:4      | Found Narghus's Book Emporium.
  2473 | D:4      | Reached skill level 4 in Slings
  2663 | D:4      | Found a runed door.
  2943 | D:4      | Bought 2 potions of heal wounds for 110 gold pieces
  2997 | D:4      | Noticed Crazy Yiuf
  2999 | D:4      | Killed Crazy Yiuf
  3034 | D:5      | Entered Level 5 of the Dungeon
  3042 | D:5      | Reached XP level 7. HP: 49/64 MP: 7/7
  3048 | D:5      | Reached skill level 5 in Slings
  3360 | D:5      | Reached skill level 6 in Slings
  3407 | D:5      | Reached skill level 1 in Dodging
  3442 | D:5      | Reached XP level 8. HP: 34/73 MP: 8/8
  3823 | D:5      | Reached skill level 5 in Armour
  3823 | D:5      | Reached skill level 5 in Shields
  3832 | D:5      | Reached skill level 5 in Fighting
  3886 | D:5      | Found Monuiwn's Magic Scroll Boutique.
  4066 | D:6      | Reached * piety under Makhleb
  4066 | D:6      | Reached skill level 7 in Slings
  4174 | D:6      | Found a glowing silver altar of Zin.
  4487 | D:6      | Found a bloodstained altar of Trog.
  4498 | D:6      | Reached skill level 8 in Slings
  4550 | D:6      | Found a shattered altar of Ashenzari.
  4620 | D:6      | Found a deep blue altar of Sif Muna.
  4710 | D:7      | Found a glowing golden altar of the Shining One.
  4722 | D:7      | Reached ** piety under Makhleb
  4752 | D:7      | Reached skill level 9 in Slings
  4817 | D:7      | Gained mutation: You passively map the area around you. [Deep Dwarf growth]
  4817 | D:7      | Reached XP level 9. HP: 48/82 MP: 9/9
  5019 | D:7      | Noticed Pikel
  5023 | D:7      | Killed Pikel
  5023 | D:7      | Reached skill level 10 in Slings
  5194 | D:7      | Noticed torrenera's ghost (novice DDNe)
  5227 | D:7      | Killed torrenera's ghost
  5227 | D:7      | Reached skill level 11 in Slings
  5325 | D:7      | HP: 4/85 [something (8)]
  5326 | D:7      | Killed an unseen horror
  5326 | D:7      | Reached XP level 10. HP: 4/92 MP: 10/10
  5806 | D:7      | Reached *** piety under Makhleb
  5835 | D:7      | Noticed a moth of wrath
  5882 | D:7      | Found a bloodstained altar of Trog.
  6146 | D:8      | Reached skill level 1 in Evocations
  6458 | D:8      | Found a stormy altar of Qazlal.
  6974 | D:9      | Noticed a hand axe
  7122 | D:9      | Reached **** piety under Makhleb
  7195 | D:9      | Noticed a two-headed ogre
  7204 | D:9      | Killed a two-headed ogre
  7204 | D:9      | Reached skill level 12 in Slings
  7408 | D:9      | Noticed a dagger
  7412 | D:9      | Found a hide-covered altar of Uskayaw.
  7604 | D:10     | Entered Level 10 of the Dungeon
  8008 | D:10     | Reached skill level 1 in Maces & Flails
  8027 | D:10     | Got a bloodstained robe
  8038 | D:10     | Identified the +1 robe "Xupaliy" {rF- rN+ Int+2} (You took it off a centaur on level 10 of the Dungeon)
  8060 | D:10     | Found a shadowy altar of Dithmenos.
  8104 | D:10     | Reached XP level 11. HP: 103/103 MP: 11/11
  8280 | D:10     | Reached ***** piety under Makhleb
  8525 | D:11     | Found Cauhun's Food Emporium.
  8578 | D:11     | Noticed a seven-headed hydra
  8811 | D:11     | Killed a seven-headed hydra
  9020 | D:11     | Reached skill level 13 in Slings
  9214 | D:11     | Noticed Fannar
  9254 | D:11     | Killed Fannar
  9411 | D:11     | Found a staircase to the Orcish Mines.
  9876 | D:11     | Found a staircase to the Lair.
  9962 | Lair:1   | Entered Level 1 of the Lair of Beasts
 10055 | Lair:1   | Noticed Kairos's ghost (novice DDFi)
 10074 | Lair:1   | Killed Kairos's ghost
 11256 | Lair:2   | Found a blossoming altar of Fedhas.
 11514 | Lair:2   | Got a crude ring mail
 11525 | Lair:2   | Identified the +4 ring mail of Jiamisk {*Contam rF+ Slay+6} (You found it on level 2 of the Lair of Beasts)
 12239 | Lair:3   | Reached XP level 12. HP: 115/115 MP: 12/12
 12947 | D:4      | Bought a pair of translucent gloves for 237 gold pieces
 12947 | D:4      | Bought a shimmering cloak for 237 gold pieces
 12965 | D:4      | Identified the +2 pair of gloves of the Great Game {rCorr Str+3} (You bought it in a shop on level 4 of the Dungeon)
 12970 | D:4      | Identified the +1 cloak "Faomam" {rPois} (You bought it in a shop on level 4 of the Dungeon)
 13197 | Lair:4   | Found a staircase to the Snake Pit.
 13319 | Lair:4   | Reached skill level 14 in Slings
 13332 | Lair:4   | Reached skill level 10 in Fighting
 13489 | Lair:4   | Noticed a dire elephant
 13492 | Lair:4   | Noticed a death yak
 13504 | Lair:4   | Killed a dire elephant
 13510 | Lair:4   | Killed a death yak
 13557 | Lair:4   | Reached ****** piety under Makhleb
 13870 | Lair:4   | Noticed Kirke
 13897 | Lair:4   | Noticed Josephine
 13915 | Lair:4   | Killed Josephine
 14221 | Lair:4   | Found a staircase to the Swamp.
 14489 | Lair:4   | Reached skill level 15 in Slings
 14499 | Lair:4   | Killed Kirke
 14787 | Lair:5   | Reached XP level 13. HP: 127/127 MP: 13/13
 15785 | Lair:6   | Entered Level 6 of the Lair of Beasts
 15921 | Lair:5   | Noticed a storm dragon
 15921 | Lair:5   | a catoblepas changed into a storm dragon
 15932 | Lair:5   | Killed from afar by a storm dragon

Vault maps used:
D:1:      dpeg_arrival_tiny_d
D:2:      elyvilon_altar_5, xom_butterflies
D:4:      temple_green, serial_shops, nicolae_shop_stone, shop, shop,
          serial_bayou_ford_a, uniq_edmund, uniq_crazy_yiuf_cottage
D:5:      serial_shops, nicolae_shop_trees, first_ration
D:6:      kennysheep_mini_moat, lemuel_crystal_altar, lemuel_doored_altar,
          trog_butcher_becter
D:7:      tgw_trog, grunt_ogre_cave, tso_metal_star, uniq_pikel
D:8:      kennysheep_little_box
D:9:      dancing_weapons_uskayaw
D:10:     nicolae_dithmenos_shadow_blocks
D:11:     hiddenorc1_lemuel, serial_shops, shop, uniq_fannar
Temple:   minmay_temple_curvy_branch
Lair:2:   basic_altar, grunt_forest_stairs_basic
Lair:4:   minmay_swamp_entry_worms, dummy_snake_entry, serial_bayou_pond_a,
          nzn_random_ring, serial_bayou_shore_b, uniq_kirke, uniq_josephine
Lair:5:   ice2_lemuel
Lair:6:   cheibrodos_lair_end_hotspot, dpeg_slime_entry_corner,
          lightli_volcano_entry_magma_tube, lab_entry_generic

Skill      XL: |  1  2  3  4  5  6  7  8  9 10 11 12 13 |
---------------+----------------------------------------+-----
Fighting       | 3 4 5 6 7 9 11 | 11.8
Axes           | 3 |  3.0
Armour         | 4 5 6 8 9 |  9.2
Slings         | 3 4 6 9 11 12 13 15 | 15.6
Shields        | 4 5 6 7 |  7.6
Dodging        | 1 2 3 4 |  4.1
Stealth        | 2 3 4 |  4.9
Evocations     | 1 |  1.2
Maces & Flails | 1 2 |  2.3

Action                   |  1- 3 |  4- 6 |  7- 9 | 10-12 | 13-15 || total
-------------------------+-------+-------+-------+-------+-------++-------
Melee: War axe           |   107 |       |    12 |       |       ||   119
       Flail             |       |       |    13 |    34 |     2 ||    49
       Hand axe          |       |       |       |       |     3 ||     3
 Fire: Hunting sling     |    17 |   123 |   296 |   781 |   148 ||  1365
 Abil: Heal Wounds       |       |     1 |       |       |       ||     1
Evoke: Wand              |       |       |     5 |     3 |       ||     8
  Use: Potion            |       |     1 |       |     2 |       ||     3
       Scroll            |       |       |     1 |    13 |     3 ||    17
  Eat: Chunk             |       |     3 |     7 |    11 |       ||    21
       Ration            |       |     1 |       |     5 |     1 ||     7
Armor: Scale mail        |    63 |    18 |    77 |    54 |       ||   212
       Ring mail         |       |       |       |     7 |    86 ||    93
Dodge: Dodged            |    36 |    15 |    41 |    31 |    11 ||   134
Block: Shield            |    80 |    17 |    61 |    50 |     8 ||   216

Table legend:
 A = Spawn XP
 B = Non-spawn XP
 C = Spawn XP percentage of total XP
 D = Spawn monster count
 E = Non-spawn monster count
 F = Spawn count percentage of total count
 G = Total turns spent on level
                    A         B        C        D         E        F      G
               +---------+---------+-------+---------+---------+-------+---------
         Total |       0 |   45672 |   0.0 |       0 |     431 |   0.0 | 15932
               +---------+---------+-------+---------+---------+-------+---------
           D:1 |       0 |      61 |   0.0 |       0 |      30 |   0.0 |   795
           D:2 |       0 |      90 |   0.0 |       0 |      22 |   0.0 |   687
           D:3 |       0 |      37 |   0.0 |       0 |      12 |   0.0 |   528
           D:4 |       0 |     523 |   0.0 |       0 |       8 |   0.0 |   816
           D:5 |       0 |     936 |   0.0 |       0 |      27 |   0.0 |   996
           D:6 |       0 |     827 |   0.0 |       0 |      32 |   0.0 |   688
           D:7 |       0 |    3802 |   0.0 |       0 |      45 |   0.0 |  1443
           D:8 |       0 |    1490 |   0.0 |       0 |      34 |   0.0 |   906
           D:9 |       0 |    1277 |   0.0 |       0 |      12 |   0.0 |   695
          D:10 |       0 |    2184 |   0.0 |       0 |      34 |   0.0 |   962
          D:11 |       0 |    4257 |   0.0 |       0 |      67 |   0.0 |  1561
        Lair:1 |       0 |    2726 |   0.0 |       0 |       9 |   0.0 |  1139
        Lair:2 |       0 |    2537 |   0.0 |       0 |      11 |   0.0 |   905
        Lair:3 |       0 |    3389 |   0.0 |       0 |      17 |   0.0 |   800
        Lair:4 |       0 |   13657 |   0.0 |       0 |      43 |   0.0 |  1559
        Lair:5 |       0 |    6010 |   0.0 |       0 |      22 |   0.0 |  1050
        Lair:6 |       0 |    1869 |   0.0 |       0 |       6 |   0.0 |   121
               +---------+---------+-------+---------+---------+-------+---------
